 Dungeon Crawl Stone Soup version 0.30-a0-824-g6c64550be9 (webtiles) character file.

Game seed: 15911724593866612558

276 avis the Slasher (level 5, -2/67 HPs)
             Began as a Demigod Warper on Feb 28, 2023.
             Slain by a gnoll
             ... wielding a +0 halberd
              (4 damage)
             ... on level 5 of the Dungeon.
             The game lasted 00:13:47 (2413 turns).

avis the Slasher (Demigod Warper)                   Turns: 2413, Time: 00:13:48

Health: -2/67      AC: 22    Str: 12    XL:     5   Next: 73%
Magic:  10/10      EV:  2    Int: 15    God:
Gold:   181        SH:  0    Dex: 17    Spells: 7/7 levels left

rFire   . . .      SeeInvis .    b - +1 quarterstaff (spect)
rCold   . . .      Faith    .    (shield currently unavailable)
rNeg    . . .      Spirit   .    (body armour currently unavailable)
rPois   +          Reflect  .    (helmet currently unavailable)
rElec   .          Harm     .    (cloak currently unavailable)
rCorr   .          Rampage  .    (gloves currently unavailable)
Will    .....      NoTele   +    (boots currently unavailable)
Stlth   ++                       (no amulet)
HPRegen 0.31/turn                (no ring)
MPRegen 0.12/turn                (no ring)

@: lethally poisoned (-2 -> -26), tree-form
A: stationary, stasis, torment immunity, boosted hp, high MP 1, forlorn, divine
attributes
a: no special abilities


You were on level 5 of the Dungeon.
You were a tree.
You visited 2 branches of the dungeon, and saw 7 of its levels.

You collected 181 gold pieces.

Inventory:

Hand Weapons
 a - a +0 falchion
 b - a +1 spectral quarterstaff (weapon)
 r - a +0 sling
Missiles
 d - 4 boomerangs of dispersal (quivered)
 l - 2 throwing nets
Armour
 g - a +0 leather armour (melded)
Wands
 k - a wand of polymorph (8)
Scrolls
 c - a scroll of blinking
 f - 2 scrolls of poison {unknown}
 h - 3 scrolls of teleportation {unknown}
 i - 5 scrolls of identify {unknown}
 p - a scroll of fear {unknown}
 q - a scroll of butterflies {unknown}
Potions
 j - a potion of curing {unknown}
 m - a potion of flight {unknown}
 n - a potion of haste {unknown}
 o - a potion of attraction {unknown}


   Skills:
 - Level 3.0 Fighting
 * Level 5.2 Long Blades
 - Level 0.8 Throwing
 - Level 0.8 Armour
 - Level 1.7 Dodging
 - Level 1.7 Spellcasting
 - Level 2.6 Translocations


You had 7 spell levels left.
You didn't know any spells.
Your spell library contained the following spells:

 Spells                   Type           Power      Damage    Failure   Level
 Blink                    Tloc           18%        N/A       12%         2
 Lesser Beckoning         Tloc           18%        N/A       12%         2
 Teleport Other           Tloc           9%         N/A       22%         3
 Cigotuvi's Dreadful Rot  Necr/Pois/Air  2%         N/A       34%         2
 Poisonous Vapours        Pois/Air       2%         N/A       34%         2
 Vhi's Electric Charge    Tloc/Air       10%        N/A       36%         3
 Mephitic Cloud           Conj/Pois/Air  1%         N/A       56%         3
 Manifold Assault         Tloc           9%         N/A       58%         4


Dungeon Overview and Level Annotations

Branches:
Dungeon (7/15)             Temple (1/1) D:7

Annotations:
D:4 Dowan, Duvessa


Innate Abilities, Weirdness & Mutations

You are a tree.
Your roots penetrate the ground, keeping you stationary.
You cannot be teleported.
You are immune to unholy pain and torment.
Your maximum health is greatly increased.
Your equipment is partially melded.
You have an increased reservoir of magic. (+10% MP)
You shall have no god before yourself.
Your divine heritage dramatically boosts your attributes as you level up.


Message History

You feel sick. The orc hits you but does no damage.
Something hits you but does no damage.
You are more poisoned.
The gnoll closely misses you. The orc closely misses you.
In your confused state, you trip and fall back down the stairs.
You feel very sick.
The gnoll hits you from afar with a +0 halberd.
Something hits you but does no damage.
You are more poisoned.
The gnoll hits you with a +0 club. The orc hits you with a +0 dagger.
* * * LOW HITPOINT WARNING * * *
The orc hits you with a +0 hand axe.
* * * LOW HITPOINT WARNING * * *
It was a potion of lignification.
You turn into a tree.
Your +0 leather armour melds into your body.
Your roots penetrate the ground.
* * * LOW HITPOINT WARNING * * *
You feel very sick. The gnoll hits you but does no damage.
The orc hits you but does no damage. The orc hits you with a +0 hand axe.
* * * LOW HITPOINT WARNING * * *
Something hits you but does no damage.
You are lethally poisoned!
The gnoll hits you but does no damage.
You cannot move. (Use ctrl+direction or * direction to attack while stationary and confused.)
You cannot move. (Use ctrl+direction or * direction to attack while stationary and confused.) Unknown command.
You cannot move. (Use ctrl+direction or * direction to attack while stationary and confused.)
You swing at nothing.
You feel less confused.
* * * LOW HITPOINT WARNING * * *
You feel very sick.
The gnoll hits you from afar with a +0 halberd.
* * * LOW HITPOINT WARNING * * *
The gnoll hits you but does no damage. The orc hits you with a +0 dagger.
* * * LOW HITPOINT WARNING * * *
The orc hits you but does no damage. Something hits you but does no damage.
You are more poisoned.
The gnoll hits you from afar with a +0 halberd.
You die...

..................
................#
#.....#.........#
#..........$....#
...............##
.###............#
#..#...g.....#
#..#...g.go..#
#.g#...g.♣{..# ..
#......o..# .g
##.......#..# ...
#......#..##
....#####.##
#....# .# #....
....


You could see 4 gnolls and 2 orcs.

Vanquished Creatures
  A howler monkey (D:6)
  A jelly (D:6)
  An orc priest (D:1)
  An iguana (D:6)
  2 orc wizards (D:2)
  4 adders
  An ufetubus (D:6)
  2 dart slugs (D:1)
  5 orcs
  2 ball pythons
  2 endoplasms (D:1)
  2 giant cockroaches
  4 goblins (D:1)
  5 hobgoblins (D:1)
  4 jackals (D:1)
  4 quokkas (D:1)
  7 bats
  A frilled lizard (D:2)
  7 kobolds
  3 rats
59 creatures vanquished.

Notes
Turn   | Place    | Note
-------+----------+-------------------------------------------
     0 | D:1      | avis the Demigod Warper began the quest for the Orb.
     0 | D:1      | Reached XP level 1. HP: 17/17 MP: 5/5
    14 | D:1      | Reached skill level 2 in Long Blades
   114 | D:1      | Reached XP level 2. HP: 24/24 MP: 7/7
   292 | D:1      | Reached skill level 3 in Long Blades
   746 | D:1      | Reached XP level 3. HP: 18/29 MP: 8/8
  1446 | D:1      | Reached skill level 4 in Long Blades
  1446 | D:1      | Reached XP level 4. HP: 5/36 MP: 9/9
  1901 | D:2      | You fall into a shaft and drop 2 floors!
  1920 | D:4      | Noticed Duvessa
  1924 | D:4      | Noticed Dowan
  1928 | D:4      | You fall into a shaft and drop 3 floors!
  1979 | D:7      | Noticed a bullfrog
  1993 | D:7      | Found a staircase to the Ecumenical Temple.
  2002 | Temple   | Entered the Ecumenical Temple
  2158 | D:6      | Reached XP level 5. HP: 43/45 MP: 10/10
  2347 | D:6      | Reached skill level 5 in Long Blades
  2391 | D:5      | Entered Level 5 of the Dungeon
  2413 | D:5      | HP: 3/67 [gnoll/+0 halberd (3)]
  2413 | D:5      | Slain by a gnoll

Illustrated notes

Levels and vault maps discovered:
D:1:      dpeg_arrival_morbid_curiosity, layout_basic,
          dreamdust_princess_corridor
D:2:      layout_rooms
D:4:      layout_loops_cross, nemelex_spade_bored_becter, uniq_duvessa,
          uniq_pargi, uniq_natasha
D:5:      layout_rooms, nicolae_vehumet_altar_sigil, gup_sewer_entry_glass,
          nicolae_shop_clearance
D:6:      layout_gridville, serial_shops, shop, small_statue_intersection,
          minmay_misc_feat_four_crosses, grunt_decor_mini_mirrors, uniq_sigmund
D:7:      layout_loops_ring, kennysheep_little_box, minmay_temple_entry_slanted
Temple:   regret_index_temple_mists

Skill      XL: |  1  2  3  4  5 |
---------------+----------------+-----
Long Blades    | 2 3 4 5 |  5.2
Fighting       | 2 3 |  3.0
Throwing       | |  0.8
Armour         | |  0.8
Dodging        | |  1.7
Spellcasting   | |  1.7
Translocations | |  2.6

Action                     |  1- 3 |  4- 6 || total
---------------------------+-------+-------++-------
  Melee: Falchion          |   149 |    39 ||   188
         Punch             |     1 |     2 ||     3
         Quarterstaff      |       |    16 ||    16
  Throw: Boomerang         |       |     3 ||     3
    Use: Potion            |       |     1 ||     1
   Stab: Sleeping          |     1 |     2 ||     3
 Armour: Leather armour    |    41 |    24 ||    65
         Skin              |       |     7 ||     7
  Dodge: Dodged            |   116 |    44 ||   160

Table legend: (Time is in decaauts)
 A = Elapsed time spent in this place.
 B = Non-inter-level travel time spent in this place.
 C = Inter-level travel time spent in this place.
 D = Time resting spent in this place.
 E = Time spent auto-exploring this place.
 F = Levels seen in this place.
 G = Mean time per level.
                   A        B        C        D        E       F      G
               +--------+--------+--------+--------+--------+-----+--------+
         Total |   2446 |   2318 |    128 |    360 |    867 |   7 |  349.4 |
       Dungeon |   2444 |   2316 |    128 |    360 |    867 |   6 |  407.3 |
        Temple |      2 |      2 |      0 |      0 |      0 |   1 |    2.0 |
               +--------+--------+--------+--------+--------+-----+--------+

Top non-repeatable levels by time:
     D:1: 1557 daAuts
     D:2: 372 daAuts
     D:6: 298 daAuts
     D:7: 165 daAuts
     D:4: 27 daAuts
     D:5: 22 daAuts
  Temple: 2 daAuts
